Penguins vs Canadiens

Created - 29 février 2016 at 19:12

Goals
1 2 3 T
Penguins 1 0 0 1
Canadiens 2 3 1 6
Shots
1 2 3 T
Penguins 15 8 7 30
Canadiens 10 13 10 33

1st period

1. Penguins , Bobby Ryan 26 (Dustin Penner, Ryan Kesler) at 7:02
2. Canadiens , Marek Svatos 24 (Patrick Sharp) at 7:12
3. Canadiens , Patrick Sharp 36 (Marek Svatos, Marc Savard) at 10:04 (PP)

Penalties :
Luke Schenn (Pit) for Roughing (Minor) at 9:48

2nd period

4. Canadiens , Brooks Laich 10 (Drew Miller, Matt Carle) at 7:53
5. Canadiens , Devin Setoguchi 17 (Dan Boyle, Drew Miller) at 9:06
6. Canadiens , Maxim Talbot 10 (Greg Stewart, Dan Boyle) at 12:38

Penalties :
Dennis Wideman (Mon) for Holding (Minor) at 3:45, Denis Grebeshkov (Mon) for Fighting (Major) at 10:05, David Jones (Pit) for Fighting (Major) at 10:05, Nathan Horton (Pit) for Slashing (Minor) at 16:01

3rd period

7. Canadiens , Rene Bourque 10 (Greg Stewart, Drew Miller) at 1:09

Penalties :
Brooks Laich (Mon) for Hooking (Minor) at 3:11, Drew Miller (Mon) for Holding (Minor) at 6:26, Marek Svatos (Mon) for Slashing (Minor) at 13:27

Goalie Stats

Brian Elliott (Pit), 12 saves from 16 shots - (0,750), L, 31-18-3, 29:06 minutes
Josh Tordjman (Pit), 15 saves from 17 shots - (0,882), 30:54 minutes
Miika Kiprusoff (Mon), 29 saves from 30 shots - (0,967), W, 15-3-2, 60:00 minutes

Players Stats for Penguins

Player Name              G  A  P  +/- PIM S  H  SB GA TA FO     MP     PP MP  PK MP  
------------------------------------------------------------------------------------
Bobby Ryan               1  0  1   0  0   5  1  0  0  0  0/1    19:15   3:51   0:26 
Brendan Smith            0  0  0  -1  0   2  0  1  0  0  0/0    12:31   0:00   0:00 
Brent Sopel              0  0  0   0  0   0  2  0  0  2  0/0    24:33   3:10   0:00 
Brian McGrattan          0  0  0   0  0   0  1  0  0  0  0/0     7:34   0:00   0:00 
Brooks Orpik             0  0  0  -3  0   0  0  0  0  0  0/0    21:37   4:46   0:56 
David Jones              0  0  0  -2  5   1  2  1  0  0  0/1    10:18   0:00   0:00 
Denis Arkhipov           0  0  0   0  0   0  1  0  0  0  2/3     8:19   0:00   0:44 
Dustin Penner            0  1  1   0  0   2  2  0  1  0  0/0    19:10   3:51   0:22 
Ladislav Nagy            0  0  0   0  0   1  0  0  2  0  0/0     7:34   0:00   0:00 
Luke Schenn              0  0  0  -3  2   3  2  0  1  1  0/0    21:58   4:46   1:19 
Nathan Horton            0  0  0  -1  2   2  2  0  1  0  2/3    19:47   4:05   0:00 
Oleg Kvasha              0  0  0  -3  0   1  1  0  1  0  2/9    11:42   0:00   0:07 
Paul Ranger              0  0  0  -1  0   0  0  1  0  1  0/0    13:12   0:00   0:40 
Ryan Kesler              0  1  1   0  0   2  3  2  0  0  10/21  20:42   3:51   1:24 
Sean Zimmerman           0  0  0   0  0   1  0  2  1  2  0/0    26:08   3:10   1:35 
Simon Gagné              0  0  0  -1  0   4  0  2  0  0  0/0    21:14   4:05   1:27 
Steve Sullivan           0  0  0  -3  0   0  1  1  1  0  0/0    11:35   0:00   0:00 
Steven Stamkos           0  0  0  -2  0   6  0  0  2  1  11/25  20:33   4:05   0:00 

Players Stats for Canadiens

Player Name              G  A  P  +/- PIM S  H  SB GA TA FO     MP     PP MP  PK MP  
------------------------------------------------------------------------------------
Brooks Laich             1  0  1   2  2   2  2  0  0  0  4/7    15:31   0:00   2:00 
Cam Janssen              0  0  0   0  0   0  0  0  0  1  0/0     7:26   0:00   0:00 
Dan Boyle                0  2  2   2  0   0  1  1  1  2  0/0    19:47   1:18   0:27 
Denis Grebeshkov         0  0  0   1  5   0  0  1  1  3  0/0    18:41   1:18   4:05 
Dennis Wideman           0  0  0   2  2   2  1  0  0  0  0/0    25:20   0:57   2:46 
Devin Setoguchi          1  0  1   2  0   2  2  0  0  0  0/0    13:07   0:00   0:00 
Drew Miller              0  3  3   2  2   4  0  1  0  0  1/2    16:51   0:54   2:31 
Dustin Boyd              0  0  0   0  0   2  2  0  0  0  3/6     9:12   0:54   0:20 
Greg Stewart             0  2  2   1  0   3  2  0  0  0  0/1    16:19   0:00   4:10 
Jiri Fischer             0  0  0   2  0   0  0  1  0  2  0/0    22:44   0:00   3:51 
Ladislav Smid            0  0  0   0  0   1  1  1  0  0  0/0    16:59   0:00   4:05 
Marc Savard              0  1  1   1  0   4  4  0  1  1  19/32  17:47   1:21   0:00 
Marek Svatos             1  1  2   1  2   3  2  1  1  0  0/1    17:54   1:21   0:00 
Matt Carle               0  1  1   1  0   0  0  2  0  1  0/0    16:32   0:57   0:38 
Maxim Talbot             1  0  1   1  0   2  0  1  0  0  6/10   16:01   0:00   3:55 
Patrick Sharp            1  1  2   1  0   5  2  0  3  0  2/2    21:04   1:21   2:44 
Pierre-Luc Létourneau    0  0  0   0  0   0  0  0  0  0  0/0     7:44   0:00   0:12 
Rene Bourque             1  0  1   1  0   3  1  0  0  0  1/2    13:00   0:54   0:00 

3 Stars

1 - Patrick Sharp (Mon)
2 - Miika Kiprusoff (Mon)
3 - Devin Setoguchi (Mon)

Power Play

Penguins - 0 on 4 Attempt(s) - 0,00%
Canadiens - 1 on 2 Attempt(s) - 50,00%

Penalty Kill

Penguins - 1 on 2 Attempt(s) - 50,00% - Score 0 goal in Penalty Kill
Canadiens - 4 on 4 Attempt(s) - 100,00% - Score 0 goal in Penalty Kill

Team Stat

Penguins - Hits : 18 - Faceoff Wins : 27 - Blocked Shots : 10 - Penalty Minutes : 9
Canadiens - Hits : 20 - Faceoff Wins : 36 - Blocked Shots : 9 - Penalty Minutes : 13

Official

Referees : Morton Dean and O'Halloran Dan
Linesman : Mike Cvik and Mark Wheler

Game Notes

Josh Tordjman enters game at 9:06 of 2nd period
David Jones beats up Denis Grebeshkov at 10:05 of 2nd period

Finance

Level 1 -- Attendance: 5670 (94,50%) -- Ticket Income 487 620 $
Level 2 -- Attendance: 4612 (92,24%) -- Ticket Income 230 600 $
Level 3 -- Attendance: 2000 (100,00%) -- Ticket Income 62 000 $
Level 4 -- Attendance: 3893 (97,33%) -- Ticket Income 85 646 $
Luxury Box -- Attendance: 1000 (100,00%) -- Ticket Income 165 000 $
Game was played at the Centre Bell.
Total Attendance: 17175 (95,42%)
Total Ticket Income: 1 030 866 $
Other Income: 154 630 $
Total Income: 1 185 496 $

Penguins

5 vs 5 Forward 
   Center                   Left Wing                Right Wing               Time % Phy DF OF 
 1 Steven Stamkos           Simon Gagné              Nathan Horton            35     0   1  4  
 2 Ryan Kesler              Dustin Penner            Bobby Ryan               35     1   1  3  
 3 Oleg Kvasha              Steve Sullivan           David Jones              20     1   1  3  
 4 Denis Arkhipov           Ladislav Nagy            Brian McGrattan          10     1   1  3  

5 vs 5 Defense 
   Defense                  Defense                                           Time % Phy DF OF 
 1 Sean Zimmerman           Brent Sopel                                       44     1   2  2  
 2 Brooks Orpik             Luke Schenn                                       33     1   2  2  
 3 Paul Ranger              Brendan Smith                                     23     1   2  2  
 4 Brooks Orpik             Sean Zimmerman                                    0      1   2  2  

PowerPlay Forward 
   Center                   Left Wing                Right Wing               Time % Phy DF OF 
 1 Steven Stamkos           Simon Gagné              Nathan Horton            50     0   0  5  
 2 Ryan Kesler              Dustin Penner            Bobby Ryan               50     0   0  5  

PowerPlay Defense
   Defense                  Defense                                           Time % Phy DF OF 
 1 Sean Zimmerman           Brent Sopel                                       50     0   1  4  
 2 Brooks Orpik             Luke Schenn                                       50     0   1  4  

Penalty Kill 4 Players Forward 
   Center                   Wing                     Time % Phy DF OF 
 1 Ryan Kesler              Simon Gagné              60     0   5  0  
 2 Nathan Horton            Bobby Ryan               40     0   5  0  

Penalty Kill 4 Players Defense
   Defense                  Defense                  Time % Phy DF OF 
 1 Sean Zimmerman           Luke Schenn              60     0   5  0  
 2 Brooks Orpik             Paul Ranger              40     0   5  0  

Penalty Kill - 3 Players Forward 
   Forward                                           Time % Phy DF OF 
 1 Simon Gagné                                       60     0   5  0  
 2 Nathan Horton                                     40     0   5  0  

Penalty Kill - 3 Players Defense
   Defense                  Defense                  Time % Phy DF OF 
 1 Sean Zimmerman           Luke Schenn              60     0   5  0  
 2 Brooks Orpik             Paul Ranger              40     0   5  0  

4 vs 4 Forward 
   Center                   Wing                     Time % Phy DF OF 
 1 Steven Stamkos           Simon Gagné              50     0   1  4  
 2 Ryan Kesler              Bobby Ryan               50     0   1  4  

4 vs 4 Defense
   Defense                  Defense                  Time % Phy DF OF 
 1 Sean Zimmerman           Brent Sopel              50     0   2  3  
 2 Brooks Orpik             Luke Schenn              50     0   2  3  

Last Minutes Offensive
   Center                   Left Wing                Right Wing               Defense                  Defense                  
   Steven Stamkos           Simon Gagné              Bobby Ryan               Sean Zimmerman           Brent Sopel              

Last Minutes Defensive
   Center                   Left Wing                Right Wing               Defense                  Defense                  
   Ryan Kesler              Simon Gagné              Nathan Horton            Sean Zimmerman           Luke Schenn              

Goaltenders
Starting : Brian Elliott            
Backup : Josh Tordjman            

Extra Forwards
Normal : Ryan Kesler, Steven Stamkos, Bobby Ryan - PP : Ryan Kesler, Steven Stamkos - PK : Simon Gagné
Extra Defensemen
Normal : Luke Schenn, Sean Zimmerman, Brent Sopel - PP : Luke Schenn - PK : Sean Zimmerman, Brooks Orpik
Penalty Shots
Ryan Kesler, Simon Gagné, Nathan Horton, Bobby Ryan, Steven Stamkos

Canadiens

5 vs 5 Forward 
   Center                   Left Wing                Right Wing               Time % Phy DF OF 
 1 Marc Savard              Patrick Sharp            Marek Svatos             40     1   2  2  
 2 Brooks Laich             Drew Miller              Devin Setoguchi          30     1   2  2  
 3 Maxim Talbot             Greg Stewart             Rene Bourque             20     1   2  2  
 4 Dustin Boyd              Pierre-Luc Létourneau    Cam Janssen              10     1   2  2  

5 vs 5 Defense 
   Defense                  Defense                                           Time % Phy DF OF 
 1 Jiri Fischer             Dennis Wideman                                    40     1   2  2  
 2 Dan Boyle                Denis Grebeshkov                                  30     1   2  2  
 3 Ladislav Smid            Matt Carle                                        20     1   2  2  
 4 Dan Boyle                Dennis Wideman                                    10     1   2  2  

PowerPlay Forward 
   Center                   Left Wing                Right Wing               Time % Phy DF OF 
 1 Marc Savard              Patrick Sharp            Marek Svatos             60     1   2  2  
 2 Dustin Boyd              Drew Miller              Rene Bourque             40     1   2  2  

PowerPlay Defense
   Defense                  Defense                                           Time % Phy DF OF 
 1 Dan Boyle                Denis Grebeshkov                                  60     1   2  2  
 2 Matt Carle               Dennis Wideman                                    40     1   2  2  

Penalty Kill 4 Players Forward 
   Center                   Wing                     Time % Phy DF OF 
 1 Maxim Talbot             Greg Stewart             60     1   2  2  
 2 Brooks Laich             Drew Miller              40     1   2  2  

Penalty Kill 4 Players Defense
   Defense                  Defense                  Time % Phy DF OF 
 1 Ladislav Smid            Denis Grebeshkov         60     1   2  2  
 2 Jiri Fischer             Dennis Wideman           40     1   2  2  

Penalty Kill - 3 Players Forward 
   Forward                                           Time % Phy DF OF 
 1 Maxim Talbot                                      60     1   2  2  
 2 Brooks Laich                                      40     1   2  2  

Penalty Kill - 3 Players Defense
   Defense                  Defense                  Time % Phy DF OF 
 1 Ladislav Smid            Denis Grebeshkov         60     1   2  2  
 2 Jiri Fischer             Dennis Wideman           40     1   2  2  

4 vs 4 Forward 
   Center                   Wing                     Time % Phy DF OF 
 1 Marc Savard              Patrick Sharp            60     1   2  2  
 2 Maxim Talbot             Greg Stewart             40     1   2  2  

4 vs 4 Defense
   Defense                  Defense                  Time % Phy DF OF 
 1 Dan Boyle                Denis Grebeshkov         60     1   2  2  
 2 Jiri Fischer             Dennis Wideman           40     1   2  2  

Last Minutes Offensive
   Center                   Left Wing                Right Wing               Defense                  Defense                  
   Marc Savard              Patrick Sharp            Marek Svatos             Dan Boyle                Denis Grebeshkov         

Last Minutes Defensive
   Center                   Left Wing                Right Wing               Defense                  Defense                  
   Marc Savard              Patrick Sharp            Marek Svatos             Ladislav Smid            Dennis Wideman           

Goaltenders
Starting : Miika Kiprusoff          
Backup : Jonathan Bernier         

Extra Forwards
Normal : Greg Stewart, Dustin Boyd, Devin Setoguchi - PP : Brooks Laich, Devin Setoguchi - PK : Patrick Sharp
Extra Defensemen
Normal : Matt Carle, Ladislav Smid, Denis Grebeshkov - PP : Jiri Fischer - PK : Matt Carle, Dan Boyle
Penalty Shots
Brooks Laich, Patrick Sharp, Marek Svatos, Dustin Boyd, Drew Miller

% Time on Ice - Penguins

Lines # - Real PCT - Wanted PCT - Time Play
Normal Forward
1 - 32% - 35% - 15:42
2 - 30% - 35% - 14:58
3 - 23% - 20% - 11:35
4 - 15% - 10% - 7:34
Normal Defense
1 - 43% - 44% - 21:23
2 - 32% - 33% - 15:55
3 - 25% - 23% - 12:31
4 - 0% - 0% - 0:00
PP Forward
1 - 51% - 50% - 4:05
2 - 49% - 50% - 3:51
PP Defense
1 - 40% - 50% - 3:10
2 - 60% - 50% - 4:46
PK Forward
1 - 81% - 60% - 1:49
2 - 19% - 40% - 0:26
PK Defense
1 - 70% - 60% - 1:35
2 - 30% - 40% - 0:40
PK3 Forward
1 - 0% - 60%
2 - 0% - 40%
PK3 Defense
1 - 0% - 60%
2 - 0% - 40%
44 Forward
1 - 0% - 50%
2 - 0% - 50%
44 Defense
1 - 0% - 50%
2 - 0% - 50%
Last Minute Offensive  - 0:00
Last Minute Defensive  - 0:00
Total
Forward - 60:00
Defense - 60:00

% Time on Ice - Canadiens

Lines # - Real PCT - Wanted PCT - Time Play
Normal Forward
1 - 34% - 40% - 16:45
2 - 27% - 30% - 13:32
3 - 24% - 20% - 12:06
4 - 15% - 10% - 7:26
Normal Defense
1 - 39% - 40% - 19:23
2 - 30% - 30% - 15:04
3 - 25% - 20% - 12:22
4 - 6% - 10% - 3:00
PP Forward
1 - 60% - 60% - 1:21
2 - 40% - 40% - 0:54
PP Defense
1 - 58% - 60% - 1:18
2 - 42% - 40% - 0:57
PK Forward
1 - 78% - 60% - 6:09
2 - 22% - 40% - 1:47
PK Defense
1 - 51% - 60% - 4:05
2 - 49% - 40% - 3:51
PK3 Forward
1 - 0% - 60%
2 - 0% - 40%
PK3 Defense
1 - 0% - 60%
2 - 0% - 40%
44 Forward
1 - 0% - 60%
2 - 0% - 40%
44 Defense
1 - 0% - 60%
2 - 0% - 40%
Last Minute Offensive  - 0:00
Last Minute Defensive  - 0:00
Total
Forward - 60:00
Defense - 60:00

Play by Play

1st period


0:01 of 1st period - Marc Savard wins face-off versus Steven Stamkos in neutral zone.
1:13 of 1st period - Denis Grebeshkov is hit by Brian McGrattan and loses puck.
1:34 of 1st period - Slapshot by Brent Sopel.
1:34 of 1st period - Shot Misses the Net.
1:54 of 1st period - Snap shot by Bobby Ryan.
1:54 of 1st period - Shot Misses the Net.
2:15 of 1st period - Slapshot by Nathan Horton.
2:15 of 1st period - Stopped by Miika Kiprusoff without a rebound.
2:16 of 1st period - Maxim Talbot wins face-off versus Nathan Horton in Canadiens zone.
2:16 of 1st period - Maxim Talbot is hit by Nathan Horton.
2:32 of 1st period - Wrist shot by Steven Stamkos.
2:32 of 1st period - Stopped by Miika Kiprusoff with a rebound.
2:38 of 1st period - Snap shot by Simon Gagné.
2:38 of 1st period - Stopped by Miika Kiprusoff with a rebound.
2:40 of 1st period - Slapshot by Brendan Smith.
2:40 of 1st period - Deflect By Greg Stewart.
2:40 of 1st period - Stopped by Miika Kiprusoff without a rebound.
2:41 of 1st period - Patrick Sharp wins face-off versus Oleg Kvasha in Canadiens zone.
3:10 of 1st period - Dustin Penner is hit by Devin Setoguchi.
3:15 of 1st period - Off-side.
3:16 of 1st period - Ryan Kesler wins face-off versus Brooks Laich in neutral zone.
3:42 of 1st period - Luke Schenn is hit by Patrick Sharp and loses puck.
4:03 of 1st period - Wrist shot by Nathan Horton.
4:03 of 1st period - Shot Misses the Net.
4:23 of 1st period - Off-side.
4:24 of 1st period - Ryan Kesler wins face-off versus Maxim Talbot in neutral zone.
5:14 of 1st period - Dan Boyle is hit by Bobby Ryan and loses puck.
5:21 of 1st period - Backhand shot by Maxim Talbot.
5:21 of 1st period - Stopped by Brian Elliott with a rebound.
5:43 of 1st period - Greg Stewart is hit by Brent Sopel.
5:54 of 1st period - Wrist shot by Ryan Kesler.
5:54 of 1st period - Stopped by Miika Kiprusoff with a rebound.
6:04 of 1st period - Wrist shot by Dustin Penner.
6:04 of 1st period - Shot Misses the Net.
6:12 of 1st period - Snap shot by Bobby Ryan.
6:12 of 1st period - Shot Misses the Net.
6:24 of 1st period - Snap shot by Ryan Kesler.
6:24 of 1st period - Shot Misses the Net.
6:50 of 1st period - Snap shot by Bobby Ryan.
6:50 of 1st period - Shot Blocked by Maxim Talbot.
6:52 of 1st period - Backhand shot by Sean Zimmerman.
6:52 of 1st period - Shot Misses the Net.
6:58 of 1st period - Wrist shot by Dustin Penner.
6:58 of 1st period - Stopped by Miika Kiprusoff with a rebound.
7:02 of 1st period - Snap shot by Bobby Ryan.
7:02 of 1st period - Goal by Bobby Ryan - Penguins : 1 - Canadiens : 0.
7:03 of 1st period - Marc Savard wins face-off versus Steven Stamkos in neutral zone.
7:12 of 1st period - Wrist shot by Marek Svatos.
7:12 of 1st period - Goal by Marek Svatos - Penguins : 1 - Canadiens : 1.
7:13 of 1st period - Marc Savard wins face-off versus Steven Stamkos in neutral zone.
7:38 of 1st period - David Jones is hit by Brooks Laich and loses puck.
7:47 of 1st period - Wrist shot by Drew Miller.
7:47 of 1st period - Stopped by Brian Elliott without a rebound.
7:48 of 1st period - Steven Stamkos wins face-off versus Marc Savard in Penguins zone.
7:53 of 1st period - Patrick Sharp is hit by Nathan Horton and loses puck.
8:00 of 1st period - Snap shot by Simon Gagné.
8:00 of 1st period - Shot Blocked by Marek Svatos.
8:02 of 1st period - Slapshot by Paul Ranger.
8:02 of 1st period - Deflect By Simon Gagné.
8:02 of 1st period - Deflect By Marc Savard.
8:02 of 1st period - Stopped by Miika Kiprusoff without a rebound.
8:03 of 1st period - Brooks Laich wins face-off versus Oleg Kvasha in Canadiens zone.
8:03 of 1st period - Brooks Laich is hit by Oleg Kvasha.
8:10 of 1st period - Wrist shot by Oleg Kvasha.
8:10 of 1st period - Stopped by Miika Kiprusoff without a rebound.
8:11 of 1st period - Oleg Kvasha wins face-off versus Drew Miller in Canadiens zone.
8:40 of 1st period - Slapshot by Dennis Wideman.
8:40 of 1st period - Deflect By Steve Sullivan.
8:40 of 1st period - Stopped by Brian Elliott without a rebound.
8:41 of 1st period - Steven Stamkos wins face-off versus Dustin Boyd in Penguins zone.
9:06 of 1st period - Patrick Sharp is hit by Denis Arkhipov and loses puck.
9:17 of 1st period - Snap shot by Marc Savard.
9:17 of 1st period - Stopped by Brian Elliott with a rebound.
9:29 of 1st period - Brooks Orpik is hit by Dan Boyle and loses puck.
9:48 of 1st period - Minor Penalty to Luke Schenn for Roughing.
9:49 of 1st period - Patrick Sharp wins face-off versus Ryan Kesler in Penguins zone.
10:04 of 1st period - Wrist shot by Patrick Sharp.
10:04 of 1st period - Goal by Patrick Sharp - Penguins : 1 - Canadiens : 2.
10:05 of 1st period - Marc Savard wins face-off versus Steven Stamkos in neutral zone.
10:08 of 1st period - Brooks Orpik is hit by Marc Savard and loses puck.
10:15 of 1st period - Snap shot by Marc Savard.
10:15 of 1st period - Shot Misses the Net.
10:55 of 1st period - Off-side.
10:56 of 1st period - Marc Savard wins face-off versus Steven Stamkos in neutral zone.
11:07 of 1st period - Wrist shot by Marek Svatos.
11:07 of 1st period - Shot Misses the Net.
11:29 of 1st period - Wrist shot by Ryan Kesler.
11:29 of 1st period - Stopped by Miika Kiprusoff with a rebound.
11:47 of 1st period - Wrist shot by Drew Miller.
11:47 of 1st period - Shot Blocked by Brendan Smith.
12:14 of 1st period - Wrist shot by Steven Stamkos.
12:14 of 1st period - Stopped by Miika Kiprusoff without a rebound.
12:15 of 1st period - Dustin Boyd wins face-off versus Steven Stamkos in Canadiens zone.
14:12 of 1st period - Snap shot by Marc Savard.
14:12 of 1st period - Stopped by Brian Elliott without a rebound.
14:13 of 1st period - Marc Savard wins face-off versus Steven Stamkos in Penguins zone.
14:20 of 1st period - Snap shot by Marc Savard.
14:20 of 1st period - Deflect By Marek Svatos.
14:20 of 1st period - Shot Misses the Net.
14:20 of 1st period - Puck is out of play.
14:21 of 1st period - Marc Savard wins face-off versus Steven Stamkos in Penguins zone.
14:30 of 1st period - Snap shot by Patrick Sharp.
14:30 of 1st period - Stopped by Brian Elliott without a rebound.
14:31 of 1st period - Marc Savard wins face-off versus Steven Stamkos in Penguins zone.
14:41 of 1st period - Off-side.
14:42 of 1st period - Steven Stamkos wins face-off versus Marc Savard in neutral zone.
15:12 of 1st period - Wrist shot by Bobby Ryan.
15:12 of 1st period - Shot Blocked by Dan Boyle.
15:14 of 1st period - Snap shot by Dustin Penner.
15:14 of 1st period - Deflect By Bobby Ryan.
15:14 of 1st period - Stopped by Miika Kiprusoff with a rebound.
15:16 of 1st period - Snap shot by Bobby Ryan.
15:16 of 1st period - Stopped by Miika Kiprusoff without a rebound.
15:17 of 1st period - Marc Savard wins face-off versus Steven Stamkos in Canadiens zone.
15:52 of 1st period - Wrist shot by Drew Miller.
15:52 of 1st period - Shot Misses the Net.
16:14 of 1st period - Denis Grebeshkov is hit by Ryan Kesler and loses puck.
16:24 of 1st period - Icing by Denis Grebeshkov.
16:25 of 1st period - Denis Arkhipov wins face-off versus Dustin Boyd in Canadiens zone.
16:30 of 1st period - Snap shot by Marek Svatos.
16:30 of 1st period - Shot Hit the Post.
16:32 of 1st period - Wrist shot by Marek Svatos.
16:32 of 1st period - Stopped by Brian Elliott with a rebound.
16:54 of 1st period - Slapshot by Simon Gagné.
16:54 of 1st period - Deflect By Steven Stamkos.
16:54 of 1st period - Stopped by Miika Kiprusoff without a rebound.
16:55 of 1st period - Nathan Horton wins face-off versus Brooks Laich in Canadiens zone.
17:06 of 1st period - Icing by Simon Gagné.
17:07 of 1st period - Marc Savard wins face-off versus Steven Stamkos in Penguins zone.
17:41 of 1st period - Snap shot by Steven Stamkos.
17:41 of 1st period - Stopped by Miika Kiprusoff with a rebound.
18:54 of 1st period - Pierre-Luc Létourneau is hit by Luke Schenn and loses puck.
19:19 of 1st period - Wrist shot by Brian McGrattan.
19:19 of 1st period - Shot Misses the Net.
19:50 of 1st period - Brooks Orpik is hit by Marc Savard and loses puck.
19:59 of 1st period - Snap shot by Marek Svatos.
19:59 of 1st period - Stopped by Brian Elliott with a rebound.
Goals for this period are 1 for Penguins vs 2 for Canadiens.
Shots for this period are 15 for Penguins vs 10 for Canadiens.

2nd period


0:01 of 2nd period - Marc Savard wins face-off versus Ryan Kesler in neutral zone.
0:16 of 2nd period - Snap shot by Bobby Ryan.
0:16 of 2nd period - Stopped by Miika Kiprusoff with a rebound.
0:36 of 2nd period - Wrist shot by Devin Setoguchi.
0:36 of 2nd period - Stopped by Brian Elliott with a rebound.
0:48 of 2nd period - Slapshot by David Jones.
0:48 of 2nd period - Stopped by Miika Kiprusoff without a rebound.
0:49 of 2nd period - Maxim Talbot wins face-off versus David Jones in Canadiens zone.
1:12 of 2nd period - Wrist shot by Oleg Kvasha.
1:12 of 2nd period - Shot Misses the Net.
1:48 of 2nd period - Slapshot by Luke Schenn.
1:48 of 2nd period - Deflect By Matt Carle.
1:48 of 2nd period - Stopped by Miika Kiprusoff without a rebound.
1:49 of 2nd period - Ryan Kesler wins face-off versus Marek Svatos in Canadiens zone.
2:44 of 2nd period - Wrist shot by Ladislav Nagy.
2:44 of 2nd period - Shot Misses the Net.
3:21 of 2nd period - Snap shot by Drew Miller.
3:21 of 2nd period - Shot Blocked by Paul Ranger.
3:35 of 2nd period - Rene Bourque is hit by Dustin Penner and loses puck.
3:40 of 2nd period - Wrist shot by Dustin Penner.
3:40 of 2nd period - Stopped by Miika Kiprusoff without a rebound.
3:41 of 2nd period - Nathan Horton wins face-off versus Marc Savard in Canadiens zone.
3:45 of 2nd period - Minor Penalty to Dennis Wideman for Holding.
3:46 of 2nd period - Steven Stamkos wins face-off versus Maxim Talbot in Canadiens zone.
3:52 of 2nd period - Wrist shot by Simon Gagné.
3:52 of 2nd period - Shot Blocked by Denis Grebeshkov.
3:54 of 2nd period - Slapshot by Sean Zimmerman.
3:54 of 2nd period - Shot Blocked by Ladislav Smid.
3:56 of 2nd period - Snap shot by Nathan Horton.
3:56 of 2nd period - Shot Misses the Net.
3:58 of 2nd period - Backhand shot by Simon Gagné.
3:58 of 2nd period - Shot Misses the Net.
4:00 of 2nd period - Snap shot by Simon Gagné.
4:00 of 2nd period - Stopped by Miika Kiprusoff with a rebound.
5:32 of 2nd period - Nathan Horton is hit by Brooks Laich and loses puck.
5:45 of 2nd period - Penalty to Dennis Wideman is over, Dennis Wideman is back on ice.
6:03 of 2nd period - Snap shot by Steve Sullivan.
6:03 of 2nd period - Shot Misses the Net.
6:05 of 2nd period - Snap shot by Steve Sullivan.
6:05 of 2nd period - Shot Misses the Net.
6:30 of 2nd period - Drew Miller is hit by Steve Sullivan and loses puck.
6:55 of 2nd period - Matt Carle is hit by Ryan Kesler and loses puck.
7:05 of 2nd period - Icing by Marc Savard.
7:06 of 2nd period - Denis Arkhipov wins face-off versus Marc Savard in Canadiens zone.
7:47 of 2nd period - Wrist shot by Brooks Laich.
7:47 of 2nd period - Stopped by Brian Elliott with a rebound.
7:49 of 2nd period - Slapshot by Matt Carle.
7:49 of 2nd period - Deflect By Drew Miller.
7:49 of 2nd period - Stopped by Brian Elliott with a rebound.
7:51 of 2nd period - Wrist shot by Brooks Laich.
7:51 of 2nd period - Shot Blocked by Ryan Kesler.
7:53 of 2nd period - Wrist shot by Brooks Laich.
7:53 of 2nd period - Goal by Brooks Laich - Penguins : 1 - Canadiens : 3.
7:54 of 2nd period - Steven Stamkos wins face-off versus Marc Savard in neutral zone.
8:08 of 2nd period - Snap shot by Steven Stamkos.
8:08 of 2nd period - Stopped by Miika Kiprusoff without a rebound.
8:09 of 2nd period - Ryan Kesler wins face-off versus Brooks Laich in Canadiens zone.
8:10 of 2nd period - Slapshot by Bobby Ryan.
8:10 of 2nd period - Shot Blocked by Drew Miller.
8:24 of 2nd period - Snap shot by Dennis Wideman.
8:24 of 2nd period - Stopped by Brian Elliott without a rebound.
8:25 of 2nd period - Steven Stamkos wins face-off versus Marc Savard in Penguins zone.
8:56 of 2nd period - Wrist shot by Oleg Kvasha.
8:56 of 2nd period - Deflect By Steve Sullivan.
8:56 of 2nd period - Shot Misses the Net.
8:56 of 2nd period - Puck is out of play.
8:57 of 2nd period - Drew Miller wins face-off versus Oleg Kvasha in Canadiens zone.
9:04 of 2nd period - Slapshot by Dan Boyle.
9:04 of 2nd period - Shot Misses the Net.
9:06 of 2nd period - Wrist shot by Devin Setoguchi.
9:06 of 2nd period - Goal by Devin Setoguchi - Penguins : 1 - Canadiens : 4.
9:06 of 2nd period - Josh Tordjman enters game.
9:07 of 2nd period - Ryan Kesler wins face-off versus Marc Savard in neutral zone.
9:55 of 2nd period - Icing by Greg Stewart.
9:56 of 2nd period - Maxim Talbot wins face-off versus Oleg Kvasha in Canadiens zone.
9:56 of 2nd period - Maxim Talbot is hit by David Jones.
10:05 of 2nd period - David Jones beats up Denis Grebeshkov.
10:05 of 2nd period - Penalty to Denis Grebeshkov for Fighting.
10:05 of 2nd period - Penalty to David Jones for Fighting.
10:06 of 2nd period - Ryan Kesler wins face-off versus Marc Savard in neutral zone.
10:18 of 2nd period - Snap shot by Patrick Sharp.
10:18 of 2nd period - Shot Misses the Net.
10:24 of 2nd period - Jiri Fischer is hit by Dustin Penner and loses puck.
10:56 of 2nd period - Off-side.
10:57 of 2nd period - Maxim Talbot wins face-off versus Oleg Kvasha in neutral zone.
10:59 of 2nd period - Off-side.
11:00 of 2nd period - Ryan Kesler wins face-off versus Rene Bourque in neutral zone.
11:04 of 2nd period - Snap shot by Dustin Penner.
11:04 of 2nd period - Shot Misses the Net.
11:06 of 2nd period - Wrist shot by Dustin Penner.
11:06 of 2nd period - Deflect By Bobby Ryan.
11:06 of 2nd period - Shot Misses the Net.
11:06 of 2nd period - Puck is out of play.
11:07 of 2nd period - Marc Savard wins face-off versus Ryan Kesler in Canadiens zone.
11:14 of 2nd period - Snap shot by Bobby Ryan.
11:14 of 2nd period - Shot Blocked by Matt Carle.
11:16 of 2nd period - Wrist shot by Ryan Kesler.
11:16 of 2nd period - Shot Blocked by Matt Carle.
11:18 of 2nd period - Slapshot by Bobby Ryan.
11:18 of 2nd period - Shot Misses the Net.
11:20 of 2nd period - Snap shot by Brooks Orpik.
11:20 of 2nd period - Deflect By Bobby Ryan.
11:20 of 2nd period - Shot Misses the Net.
11:20 of 2nd period - Puck is out of play.
11:21 of 2nd period - Steven Stamkos wins face-off versus Marc Savard in Canadiens zone.
12:13 of 2nd period - Snap shot by Greg Stewart.
12:13 of 2nd period - Stopped by Josh Tordjman without a rebound.
12:14 of 2nd period - Oleg Kvasha wins face-off versus Maxim Talbot in Penguins zone.
12:38 of 2nd period - Snap shot by Maxim Talbot.
12:38 of 2nd period - Goal by Maxim Talbot - Penguins : 1 - Canadiens : 5.
12:39 of 2nd period - Marc Savard wins face-off versus Ryan Kesler in neutral zone.
13:34 of 2nd period - Slapshot by Dan Boyle.
13:34 of 2nd period - Shot Misses the Net.
13:46 of 2nd period - Slapshot by Luke Schenn.
13:46 of 2nd period - Stopped by Miika Kiprusoff without a rebound.
13:47 of 2nd period - Rene Bourque wins face-off versus Denis Arkhipov in Canadiens zone.
13:54 of 2nd period - Wrist shot by Maxim Talbot.
13:54 of 2nd period - Deflect By Rene Bourque.
13:54 of 2nd period - Shot Misses the Net.
13:54 of 2nd period - Puck is out of play.
13:55 of 2nd period - Marc Savard wins face-off versus Steven Stamkos in Penguins zone.
14:32 of 2nd period - Snap shot by Drew Miller.
14:32 of 2nd period - Stopped by Josh Tordjman with a rebound.
14:48 of 2nd period - Wrist shot by Steve Sullivan.
14:48 of 2nd period - Shot Misses the Net.
14:50 of 2nd period - Slapshot by Sean Zimmerman.
14:50 of 2nd period - Stopped by Miika Kiprusoff with a rebound.
15:29 of 2nd period - Snap shot by Maxim Talbot.
15:29 of 2nd period - Shot Blocked by Ryan Kesler.
15:35 of 2nd period - Wrist shot by Rene Bourque.
15:35 of 2nd period - Stopped by Josh Tordjman with a rebound.
15:37 of 2nd period - Slapshot by Rene Bourque.
15:37 of 2nd period - Stopped by Josh Tordjman without a rebound.
15:38 of 2nd period - Steven Stamkos wins face-off versus Marc Savard in Penguins zone.
15:53 of 2nd period - Wrist shot by Marek Svatos.
15:53 of 2nd period - Shot Blocked by Simon Gagné.
15:55 of 2nd period - Slapshot by Ladislav Smid.
15:55 of 2nd period - Stopped by Josh Tordjman with a rebound.
16:01 of 2nd period - Minor Penalty to Nathan Horton for Slashing.
16:02 of 2nd period - Marc Savard wins face-off versus Ryan Kesler in Penguins zone.
16:19 of 2nd period - Snap shot by Patrick Sharp.
16:19 of 2nd period - Stopped by Josh Tordjman without a rebound.
16:20 of 2nd period - Dustin Boyd wins face-off versus Ryan Kesler in Penguins zone.
16:59 of 2nd period - Bobby Ryan is hit by Marc Savard and loses puck.
18:01 of 2nd period - Penalty to Nathan Horton is over, Nathan Horton is back on ice.
18:36 of 2nd period - Pierre-Luc Létourneau is hit by David Jones and loses puck.
19:20 of 2nd period - Brooks Orpik is hit by Patrick Sharp and loses puck.
Goals for this period are 0 for Penguins vs 3 for Canadiens.
Shots for this period are 8 for Penguins vs 13 for Canadiens.

3rd period


0:01 of 3rd period - Marc Savard wins face-off versus Steven Stamkos in neutral zone.
0:09 of 3rd period - Snap shot by Patrick Sharp.
0:09 of 3rd period - Stopped by Josh Tordjman with a rebound.
0:11 of 3rd period - Snap shot by Jiri Fischer.
0:11 of 3rd period - Shot Blocked by Simon Gagné.
0:13 of 3rd period - Slapshot by Patrick Sharp.
0:13 of 3rd period - Stopped by Josh Tordjman without a rebound.
0:14 of 3rd period - Marc Savard wins face-off versus Ryan Kesler in Penguins zone.
0:17 of 3rd period - Wrist shot by Marc Savard.
0:17 of 3rd period - Stopped by Josh Tordjman without a rebound.
0:18 of 3rd period - Marc Savard wins face-off versus Ryan Kesler in Penguins zone.
0:21 of 3rd period - Snap shot by Marc Savard.
0:21 of 3rd period - Shot Blocked by Sean Zimmerman.
0:23 of 3rd period - Slapshot by Dennis Wideman.
0:23 of 3rd period - Shot Misses the Net.
0:31 of 3rd period - Snap shot by Marek Svatos.
0:31 of 3rd period - Shot Misses the Net.
0:33 of 3rd period - Slapshot by Marc Savard.
0:33 of 3rd period - Stopped by Josh Tordjman with a rebound.
0:47 of 3rd period - Wrist shot by Steven Stamkos.
0:47 of 3rd period - Shot Misses the Net.
0:49 of 3rd period - Slapshot by Sean Zimmerman.
0:49 of 3rd period - Shot Misses the Net.
0:51 of 3rd period - Snap shot by Nathan Horton.
0:51 of 3rd period - Stopped by Miika Kiprusoff with a rebound.
0:53 of 3rd period - Wrist shot by Simon Gagné.
0:53 of 3rd period - Stopped by Miika Kiprusoff with a rebound.
1:07 of 3rd period - Slapshot by Greg Stewart.
1:07 of 3rd period - Shot Misses the Net.
1:09 of 3rd period - Snap shot by Rene Bourque.
1:09 of 3rd period - Goal by Rene Bourque - Penguins : 1 - Canadiens : 6.
1:10 of 3rd period - Ryan Kesler wins face-off versus Marc Savard in neutral zone.
1:40 of 3rd period - Drew Miller is hit by Brent Sopel.
2:03 of 3rd period - Snap shot by Maxim Talbot.
2:03 of 3rd period - Shot Blocked by Steve Sullivan.
2:17 of 3rd period - Wrist shot by Dustin Boyd.
2:17 of 3rd period - Stopped by Josh Tordjman with a rebound.
2:25 of 3rd period - Snap shot by Ladislav Nagy.
2:25 of 3rd period - Stopped by Miika Kiprusoff with a rebound.
2:57 of 3rd period - Slapshot by Bobby Ryan.
2:57 of 3rd period - Shot Misses the Net.
2:59 of 3rd period - Slapshot by Brendan Smith.
2:59 of 3rd period - Stopped by Miika Kiprusoff with a rebound.
3:01 of 3rd period - Snap shot by Bobby Ryan.
3:01 of 3rd period - Stopped by Miika Kiprusoff with a rebound.
3:11 of 3rd period - Minor Penalty to Brooks Laich for Hooking.
3:12 of 3rd period - Ryan Kesler wins face-off versus Greg Stewart in Canadiens zone.
3:19 of 3rd period - Slapshot by Ryan Kesler.
3:19 of 3rd period - Shot Misses the Net.
3:21 of 3rd period - Snap shot by Luke Schenn.
3:21 of 3rd period - Stopped by Miika Kiprusoff with a rebound.
5:11 of 3rd period - Penalty to Brooks Laich is over, Brooks Laich is back on ice.
5:16 of 3rd period - Icing by Oleg Kvasha.
5:17 of 3rd period - Dustin Boyd wins face-off versus Oleg Kvasha in Penguins zone.
5:26 of 3rd period - Snap shot by Dustin Boyd.
5:26 of 3rd period - Stopped by Josh Tordjman with a rebound.
5:43 of 3rd period - Denis Arkhipov is hit by Marc Savard.
6:13 of 3rd period - Snap shot by Drew Miller.
6:13 of 3rd period - Stopped by Josh Tordjman without a rebound.
6:14 of 3rd period - Brooks Laich wins face-off versus Ryan Kesler in Penguins zone.
6:26 of 3rd period - Minor Penalty to Drew Miller for Holding.
6:27 of 3rd period - Maxim Talbot wins face-off versus Steven Stamkos in Canadiens zone.
7:14 of 3rd period - Off-side.
7:15 of 3rd period - Brooks Laich wins face-off versus Bobby Ryan in neutral zone.
7:40 of 3rd period - Dustin Penner is hit by Ladislav Smid and loses puck.
8:21 of 3rd period - Jiri Fischer is hit by Ryan Kesler and loses puck.
8:26 of 3rd period - Penalty to Drew Miller is over, Drew Miller is back on ice.
9:26 of 3rd period - Denis Arkhipov is hit by Marek Svatos and loses puck.
10:03 of 3rd period - Off-side.
10:04 of 3rd period - Steven Stamkos wins face-off versus Maxim Talbot in neutral zone.
11:06 of 3rd period - Icing by Brooks Laich.
11:07 of 3rd period - Brooks Laich wins face-off versus Oleg Kvasha in Canadiens zone.
11:12 of 3rd period - Sean Zimmerman is hit by Marek Svatos and loses puck.
11:41 of 3rd period - Slapshot by Ryan Kesler.
11:41 of 3rd period - Shot Misses the Net.
11:43 of 3rd period - Snap shot by Bobby Ryan.
11:43 of 3rd period - Shot Blocked by Jiri Fischer.
12:00 of 3rd period - Wrist shot by Steven Stamkos.
12:00 of 3rd period - Stopped by Miika Kiprusoff without a rebound.
12:01 of 3rd period - Marc Savard wins face-off versus Ryan Kesler in Canadiens zone.
12:51 of 3rd period - Wrist shot by Greg Stewart.
12:51 of 3rd period - Stopped by Josh Tordjman with a rebound.
13:27 of 3rd period - Minor Penalty to Marek Svatos for Slashing.
13:28 of 3rd period - Maxim Talbot wins face-off versus Ryan Kesler in Canadiens zone.
13:32 of 3rd period - Wrist shot by Greg Stewart.
13:32 of 3rd period - Stopped by Josh Tordjman with a rebound.
13:54 of 3rd period - Simon Gagné is hit by Greg Stewart and loses puck.
15:27 of 3rd period - Penalty to Marek Svatos is over, Marek Svatos is back on ice.
15:27 of 3rd period - Drew Miller is hit by Luke Schenn and loses puck.
16:14 of 3rd period - Brian McGrattan is hit by Dennis Wideman and loses puck.
16:55 of 3rd period - Oleg Kvasha is hit by Dustin Boyd and loses puck.
17:32 of 3rd period - Simon Gagné is hit by Devin Setoguchi and loses puck.
17:47 of 3rd period - Ryan Kesler is hit by Greg Stewart and loses puck.
18:04 of 3rd period - Icing by Brendan Smith.
18:05 of 3rd period - Ryan Kesler wins face-off versus Dustin Boyd in Penguins zone.
18:05 of 3rd period - Ryan Kesler is hit by Dustin Boyd.
18:16 of 3rd period - Off-side.
18:17 of 3rd period - Steven Stamkos wins face-off versus Marc Savard in neutral zone.
18:34 of 3rd period - Slapshot by Dan Boyle.
18:34 of 3rd period - Shot Blocked by Sean Zimmerman.
19:14 of 3rd period - Slapshot by Maxim Talbot.
19:14 of 3rd period - Shot Misses the Net.
19:16 of 3rd period - Slapshot by Maxim Talbot.
19:16 of 3rd period - Deflect By Greg Stewart.
19:16 of 3rd period - Shot Blocked by David Jones.
19:16 of 3rd period - Puck is out of play.
19:17 of 3rd period - Steven Stamkos wins face-off versus Marc Savard in Penguins zone.
19:43 of 3rd period - Steven Stamkos is hit by Rene Bourque and loses puck.
Goals for this period are 0 for Penguins vs 1 for Canadiens.
Shots for this period are 7 for Penguins vs 10 for Canadiens.